 Dungeon Crawl Stone Soup version 0.22-a0-353-g2d6336e (webtiles) character file.

66282 Serpenta the Fighter (level 14, -11/121 HPs)
             Began as a Mummy Chaos Knight on Apr 14, 2018.
             Mangled by a sun demon (22 damage)
             ... summoned by an orc high priest
             ... on level 2 of the Orcish Mines on Apr 15, 2018.
             The game lasted 01:32:19 (35023 turns).

Serpenta the Fighter (Mummy Chaos Knight)          Turns: 35023, Time: 01:32:19

Health: -11/121    AC: 14    Str: 17      XL:     14   Next: 78%
Magic:  6/20       EV: 17    Int: 23 (25) God:    Xom [..*...]
Gold:   2463       SH:  5    Dex: 16      Spells: 10/22 levels left

rFire    x . .     SeeInvis .   s - +1 quick blade (freeze)
rCold    + . .     Gourm    .   B - +0 buckler
rNeg     + + +     Faith    .   b - +2 leather armour
rPois    ∞         Spirit   .   e - +0 helmet
rElec    .         Reflect  .   g - +2 cloak "Evioqiq" {+Inv rPois Str-3 Int+8}
rCorr    .         Harm     .   r - +1 pair of gloves
MR       +....                  p - +2 pair of boots {Stlth+}
Stlth    ++++++....             (no amulet)
HPRegen  0.30/turn              v - +5 ring of intelligence
MPRegen  0.17/turn              (no ring)

@: mighty, about to teleport
A: no food or potions, fire vulnerability, cold resistance 1, negative energy
resistance 3, torment resistance, unbreathing, in touch with death 1
a: Renounce Religion, Evoke Invisibility


You were on level 2 of the Orcish Mines.
You worshipped Xom.
You were a toy of Xom.
You were not hungry.

You visited 3 branches of the dungeon, and saw 20 of its levels.
You also visited: Ice Cave.

You collected 2463 gold pieces.


Innate Abilities, Weirdness & Mutations

You do not eat or drink.
Your flesh is vulnerable to fire.
You are immune to poison.
Your flesh is cold resistant. (rC+)
You are immune to negative energy. (rN+++)
You are immune to unholy pain and torment.
You can survive without breathing.
You are in touch with the powers of death.


   Skills:
 - Level 14.6 Fighting
 - Level 10.0 Short Blades
 - Level 1.5 Armour
 + Level 8.4 Dodging
 - Level 12.0 Stealth
 - Level 4.1 Shields
 - Level 4.5 Spellcasting
 + Level 1.5 Translocations
 - Level 5.3 Transmutations
 - Level 6.2 Earth Magic
 - Level 6.0 Evocations


You had 10 spell levels left.
You knew the following spells:

 Your Spells              Type           Power        Failure   Level  Hunger
a - Apportation           Tloc           ##....       6%          1    N/A
b - Blink                 Tloc           N/A          10%         2    N/A
A - Passwall              Tmut/Erth      ####......   1%          2    N/A
B - Petrify               Tmut/Erth      ####....     11%         4    N/A
C - Stone Arrow           Conj/Erth      ###...       10%         3    N/A

Action                   |  1- 3 |  4- 6 |  7- 9 | 10-12 | 13-15 || total
-------------------------+-------+-------+-------+-------+-------++-------
Melee: Short sword       |   114 |   148 |   652 |   241 |       ||  1155
       Dagger            |       |       |       |   286 |       ||   286
       Quick blade       |       |       |       |   523 |  1305 ||  1828
       Long sword        |       |       |       |    27 |       ||    27
 Cast: Passwall          |       |       |       |    15 |    11 ||    26
       Petrify           |       |       |       |    94 |   127 ||   221
       Stone Arrow       |       |       |       |     3 |       ||     3
 Abil: Evoke Invisibilit |       |       |       |    17 |    26 ||    43
Evoke: Wand              |       |     1 |    11 |    16 |    28 ||    56
       Phantom mirror    |       |       |       |       |     1 ||     1
  Use: Scroll            |     3 |     4 |     4 |    16 |     6 ||    33
 Stab: Petrified         |     2 |       |     2 |    68 |    54 ||   126
       Invisible         |       |     4 |       |    49 |    81 ||   134
       Confused          |       |     1 |     3 |     1 |     1 ||     6
       Paralysed         |       |       |    12 |     5 |       ||    17
       Petrifying        |       |       |     2 |    22 |    34 ||    58
       Sleeping          |       |       |       |    27 |    48 ||    75
       Distracted        |       |       |       |     1 |     2 ||     3
Armor: Leather armour    |    47 |    49 |   212 |   258 |   229 ||   795
Dodge: Dodged            |    56 |    38 |   216 |   333 |   504 ||  1147
Block: Shield            |       |    26 |   127 |       |       ||   153
       Buckler           |       |       |       |       |   148 ||   148
       Rpst.: Long sword |       |       |       |     3 |       ||     3

Inventory:

Hand Weapons
 q - a +2 long sword of electrocution
 s - a +1 quick blade of freezing (weapon)
Armour
 b - a +2 leather armour (worn)
 c - a +2 cloak of magic resistance
 e - a +0 helmet (worn)
 g - the +2 cloak "Evioqiq" (worn) {+Inv rPois Str-3 Int+8}
   (You found it on level 9 of the Dungeon)

   It affects your strength (-3).
   It affects your intelligence (+8).
   It protects you from poison.
   It lets you turn invisible.
 i - a +0 shield
 n - the cursed +0 pair of boots "Men Piafych" {-Tele rPois MR+ rCorr}
   (You found it on level 4 of the Dungeon)

   It protects you from poison.
   It affects your resistance to hostile enchantments.
   It prevents most forms of teleportation.
   It protects you from acid and corrosion.
   It has a curse placed upon it.
 p - a +2 pair of boots of stealth (worn)
 r - a +1 pair of gloves (worn)
 y - a scarf of repulsion
 B - a +0 buckler (worn)
Jewellery
 f - the ring "Toasa" {god gift, -Tele rPois MR+ Str+4 Dex+2}
   (Xom gifted it to you on level 2 of the Lair of Beasts)

   [ring of dexterity]

   It affects your strength (+4).
   It affects your dexterity (+2).
   It protects you from poison.
   It affects your resistance to hostile enchantments.
   It prevents most forms of teleportation.
 v - a +5 ring of intelligence (left hand)
Wands
 h - a wand of polymorph (15)
 o - a wand of iceblast (2)
 u - a wand of disintegration (1) {god gift}
 w - a wand of digging (6)
 z - a wand of acid (10)
Scrolls
 a - 5 scrolls of enchant armour
 d - 10 scrolls of identify
 j - 2 scrolls of teleportation
 k - 3 scrolls of blinking
 l - 4 scrolls of amnesia
 m - 7 scrolls of remove curse
 t - 3 scrolls of vulnerability
 x - a scroll of magic mapping
Miscellaneous
 A - a fan of gales

....#.#.# .......#..# #..
).......# ...o. ##o.###..
.[......# ... #...o##.. #.......#
#.#..o...#.###. #.......##
#.#.....##.###. ........##..
#)#...###..##.. ........# #..#
#)######..###.. ........#
#...####3####...## #.. ........#
#..@3oo55.o.### #.. ........#
######)###### ##. #......^#
#########[###########..
##......###........[.[..#.#...##.
##....#..####.......)..#...#..##.
....##.....####....#<......#.....
.#...#.)....##......[[...........
........##..#....................
........#........o#..............


You could see 2 orc knights, an orc high priest, a sun demon, a ynoxinul, an
ufetubus and a friendly quasit.

Vanquished Creatures
  An orc warlord (Orc:1)
  A reaper (IceCv)
  4 hydras
  3 two-headed ogres
  18 death yaks
  2 orc high priests (Orc:2)
  Sonja (Orc:2)
  The ghost of erloom the Cleaver, a novice VSFi of Okawaru (D:6)
  A lindwurm (Lair:5)
  A wolf spider (Lair:4)
  3 orc knights
  7 orc sorcerers
  3 ugly things
  A centaur zombie (D:10)
  A moth of wrath (D:9)
  4 elephants (Lair:3)
  Maurice (D:9)
  7 black mambas
  Joseph (D:10)
  9 spiny frogs
  A kobold demonologist (D:12)
  5 komodo dragons
  A komodo dragon (shapeshifter) (Lair:6)
  A rime drake (Lair:5)
  A queen bee (D:10)
  8 polar bears
  7 trolls
  4 hornets
  4 blink frogs
  2 slime creatures (Lair:6)
  Prince Ribbit (D:9)
  7 hippogriffs
  6 dream sheep (Lair:6)
  Sigmund (D:4)
  15 spriggans
  18 yaks
  3 wyverns
  A vampire (D:10)
  A human (Lair:6)
  The ghost of khargal the Cudgeler, an amateur DrMo (D:3)
  2 basilisks
  4 nagas
  3 wargs
  12 water moccasins
  12 porcupines
  23 orc warriors
  A black bear (shapeshifter) (D:11)
  A sky beast (D:5)
  2 black bears
  2 phantoms
  An ice beast (D:6)
  13 ogres
  39 wolves
  8 centaurs
  5 boggarts (Lair:6)
  7 crocodiles
  A big kobold (D:12)
  15 bullfrogs
  A wyvern zombie (D:9)
  A wyvern skeleton (D:11)
  A scorpion (D:10)
  7 wights
  16 killer bees
  A howler monkey (D:5)
  2 electric eels (D:11)
  2 vampire bats (D:6)
  7 crimson imps
  2 bullfrog zombies
  6 hounds
  3 centaur skeletons
  3 jellies
  20 orc priests
  5 bullfrog skeletons
  19 orc wizards
  3 iguanas
  Ijyb (D:5)
  6 worker ants
  A hound zombie (D:7)
  A hound skeleton (D:11)
  2 worker ant zombies (D:5)
  13 gnolls
  17 adders
  2 shadow imps
  An ufetubus (IceCv)
  An ooze (D:3)
  An adder skeleton (D:8)
  3 dart slugs (D:1)
  6 leopard geckos
  79 orcs
  3 ball pythons
  10 giant cockroaches
  6 hobgoblins
  6 jackals
  5 quokkas
  11 bats
  4 frilled lizards
  8 goblins
  A jackal zombie (D:7)
  15 kobolds
  3 quokka zombies
  10 rats
  2 plants (Lair:2)
626 creatures vanquished.

Vanquished Creatures (collateral kills)
  An elephant (Lair:6)
  2 yaks (Lair:1)
  3 wights (D:8)
6 creatures vanquished.

Vanquished Creatures (others)
  A dancing weapon (D:8)
  A yak (D:11)
  A centaur (D:11)
  A gnoll (D:6)
  9 white imps (IceCv)
  5 ufetubi (IceCv)
  A goblin (D:2)
  A kobold (D:3)
  27 fungi
  25 plants
72 creatures vanquished.

Grand Total: 704 creatures vanquished

Vault maps used:
D:1:      dpeg_arrival_chase
D:2:      wad_woods_pond
D:3:      first_ration
D:4:      lemuel_round_altar, uniq_sigmund
D:5:      marbit_many_paths, minmay_temple_entry_glassed_door, uniq_ijyb
D:6:      kennysheep_mini_moat, fedhas_altar_fruit_tree,
          minmay_guarded_unrand_vampires_tooth
D:8:      basic_altar
D:9:      hiddenorc1_lemuel, uniq_prince_ribbit1, uniq_maurice
D:10:     dpeg_lair_monsters, basic_altar, small_chamber_with_monster,
          david_nohive_1, uniq_joseph
D:11:     fountainhead, uniq_gastronok
D:12:     kennysheep_funnel, uniq_rupert, uniq_harold
Lair:2:   minmay_snake_entry_guardpost_small, portal_ice_cave_entry_pillars_1,
          wad_woods_road_05, grunt_megastairs_3, infiniplex_staircase_pool_2
Lair:3:   forest_entry_grove
Lair:4:   minmay_lair_venomous_thicket, swamp_mist
Lair:6:   minmay_lair_end_enchanted_forest, minmay_slime_entry_pillars,
          st_stairs_5, serial_bayou_shore_a, minmay_lair_oklob_chamber
Orc:1:    nicolae_orc_lost_temple
Orc:2:    st_orc_elflike, basic_altar, uniq_sonja
IceCv:    ice_cave_small_demon


Message History

As you read the scroll of teleportation, it crumbles to dust.
You feel strangely unstable.
The orc high priest no longer looks unusually strong.
The sun demon hits you!
You are engulfed in flames!!
The fire burns you terribly!
* * * LOW HITPOINT WARNING * * *
Your quasit bites the orc high priest.
Your quasit barely misses the orc high priest.
Your quasit claws the orc high priest.
The ynoxinul gestures.
Your quasit closely misses the orc high priest. x3
The ufetubus misses your quasit. x2
The orc high priest calls upon Beogh to heal the orc knight.
The orc knight is healed somewhat.
Your quasit bites the orc high priest.
Your quasit barely misses the orc high priest.
Your quasit claws the orc high priest.
The sun demon hits you!!
* * * LOW HITPOINT WARNING * * *
You are engulfed in flames!!
The fire burns you terribly!
You die...
Xom roars with laughter!

Notes
Turn   | Place    | Note
-------+----------+-------------------------------------------
     0 | D:1      | Serpenta the Mummy Chaos Knight began the quest for the Orb.
     0 | D:1      | Reached XP level 1. HP: 18/18 MP: 1/1
   146 | D:1      | Reached XP level 2. HP: 14/24 MP: 2/2
   895 | D:1      | XOM: god gift: 21 gold pieces {god gift}
  1140 | D:2      | Reached XP level 3. HP: 21/29 MP: 3/3
  1177 | D:2      | XOM: harmless Conj miscast
  1365 | D:2      | XOM: noise
  1400 | D:2      | XOM: divination: detect items
  1662 | D:2      | Reached XP level 4. HP: 35/35 MP: 4/4
  1813 | D:2      | XOM: silly message
  1851 | D:2      | XOM: cloud trail
  2325 | D:3      | Noticed khargal's ghost (amateur DrMo)
  2472 | D:3      | XOM: harmless Tloc miscast
  2478 | D:3      | Reached XP level 5. HP: 31/41 MP: 5/5
  2509 | D:3      | XOM: silly message
  2587 | D:2      | XOM: divination: detect items
  2657 | D:3      | Reached skill level 5 in Short Blades
  2726 | D:3      | XOM: potion effect (invisibility)
  2851 | D:3      | XOM: divination: magic mapping
  2972 | D:3      | XOM is BORED!
  2972 | D:3      | XOM: silly message
  3060 | D:3      | XOM: harmless Tmut miscast
  3172 | D:4      | Noticed an ogre
  3174 | D:4      | XOM: harmless Pois miscast
  3181 | D:4      | XOM: potion effect (haste)
  3187 | D:4      | XOM: mild Tmut miscast
  3345 | D:3      | XOM: harmless Tmut miscast
  3419 | D:4      | Reached XP level 6. HP: 47/47 MP: 6/6
  3498 | D:4      | Noticed Sigmund
  3517 | D:4      | XOM: butterfly on damage
  3526 | D:4      | Killed Sigmund
  3527 | D:4      | XOM: polymorph butterfly -> gnoll
  3537 | D:4      | XOM: summons 3 friendly demons
  3896 | D:4      | XOM: cleaving
  3900 | D:4      | Reached XP level 7. HP: 48/52 MP: 9/9
  3935 | D:4      | Got a pair of smoking boots
  3936 | D:4      | Identified the cursed +0 pair of boots "Men Piafych" {-Tele rPois MR+ rCorr} (You found it on level 4 of the Dungeon)
  4083 | D:4      | Found a glowing silver altar of Zin.
  4218 | D:5      | Entered Level 5 of the Dungeon
  4514 | D:5      | XOM: divination: detect creatures
  4581 | D:5      | XOM: scenery: create altars
  4614 | D:5      | XOM: fog
  4816 | D:5      | XOM: mild Tmut miscast
  4900 | D:5      | Noticed Ijyb
  4917 | D:5      | Killed Ijyb
  4923 | D:5      | XOM: mild Pois miscast
  4960 | D:5      | XOM: confusion (+ monsters)
  5199 | D:5      | XOM: noise
  5203 | D:5      | XOM: smoke on damage
  5238 | D:5      | Reached XP level 8. HP: 35/58 MP: 11/11
  5414 | D:5      | XOM: divination: detect items
  5646 | D:5      | Found a bloodstained altar of Trog.
  5736 | D:5      | Found a staircase to the Ecumenical Temple.
  5763 | D:5      | XOM: summons 3 hostile demons
  6315 | D:6      | XOM: mild Erth miscast
  6437 | D:6      | Found the +4 Vampire's Tooth {vamp}
  6482 | D:6      | Noticed erloom's ghost (novice VSFi)
  6497 | D:6      | XOM: summons 1 hostile demon
  6502 | D:6      | XOM: medium Conj miscast
  6504 | D:6      | XOM: divination: detect creatures
  6509 | D:6      | XOM: polymorph iron imp -> shadow imp
  6598 | D:5      | XOM: summons 4 hostile demons
  7087 | D:4      | XOM: stat loss: -1 Int (11/12)
  7096 | D:3      | XOM: cleaving
  7100 | D:3      | XOM: confuse monster(s)
  7112 | D:3      | Killed khargal's ghost
  7132 | D:3      | XOM: mild Erth miscast
  7191 | D:6      | XOM: noise
  7291 | D:5      | XOM: harmless Ice miscast
  7352 | D:6      | XOM: enchant monster (good)
  7354 | D:6      | Killed erloom's ghost
  7354 | D:6      | Reached XP level 9. HP: 60/63 MP: 12/12
  7354 | D:6      | XOM: harmless Air miscast
  7383 | D:5      | XOM: polymorph ice beast -> blink frog
  7402 | D:5      | XOM: enchant monster (good)
  7438 | D:5      | XOM: potion effect (brilliance)
  7611 | D:5      | XOM: mild Ice miscast
  7679 | D:6      | XOM: noise
  7745 | D:6      | XOM: enchant monster (bad)
  8060 | D:6      | XOM: summons 1 hostile demon
  8506 | D:6      | Found a sparkling altar of Nemelex Xobeh.
  8559 | D:6      | Found a blossoming altar of Fedhas.
  8648 | D:6      | Learned a level 2 spell: Passwall
  8653 | D:6      | Learned a level 4 spell: Petrify
  8857 | D:6      | XOM: medium Conj miscast
  8962 | D:6      | XOM: harmless Chrm miscast
  9039 | D:7      | XOM: medium Tmut miscast
  9061 | D:7      | XOM: 3-stop teleportation journey
  9205 | D:7      | Reached skill level 1 in Stealth
  9205 | D:7      | Reached skill level 1 in Transmutations
  9264 | D:7      | XOM: confusion (+ monsters)
  9267 | D:7      | XOM: god gift: thin glowing staff {god gift}
  9274 | D:7      | XOM: medium Ice miscast
  9855 | D:7      | XOM: summons 4 hostile demons
 10239 | D:7      | XOM: noise
 10382 | D:8      | Noticed a two-headed ogre
 10391 | D:8      | Killed a two-headed ogre
 10483 | D:8      | Noticed a two-headed ogre
 10543 | D:8      | Killed a two-headed ogre
 10543 | D:8      | Reached XP level 10. HP: 61/71 MP: 13/13
 10690 | D:8      | XOM: god gift: 19 stones {god gift}
 10732 | D:8      | XOM: divination: detect creatures
 10941 | D:8      | XOM: scenery: 1 doors open, 2 doors close
 10949 | D:8      | Reached skill level 1 in Earth Magic
 11005 | D:7      | Reached skill level 5 in Stealth
 11208 | D:7      | XOM: divination: detect creatures
 11346 | D:8      | XOM: scenery: create altars
 11352 | D:8      | XOM: confusion
 11651 | D:8      | Found a hazy altar of Hepliaklqana.
 11803 | D:8      | XOM: scenery: 2 doors close
 11816 | D:8      | XOM: cloud trail
 11859 | D:9      | Noticed Maurice
 11909 | D:9      | XOM: summons friendly quasit
 11915 | D:9      | Got a transparent cloak
 11924 | D:9      | Identified the +2 cloak "Evioqiq" {+Inv rPois Str-3 Int+8} (You found it on level 9 of the Dungeon)
 11947 | D:9      | Killed Maurice
 11947 | D:9      | Reached skill level 5 in Evocations
 11954 | D:9      | XOM: cloud trail
 11967 | D:9      | Noticed a moth of wrath
 11967 | D:9      | a hippogriff changed into a moth of wrath
 11972 | D:9      | XOM: cleaving
 12202 | D:9      | XOM: cloud trail
 12309 | D:9      | XOM: scenery: create altars
 12430 | D:9      | Noticed Prince Ribbit
 12646 | D:9      | XOM: 2-stop teleportation journey
 12794 | D:9      | XOM: butterfly on damage
 12865 | D:8      | XOM: summons 5 hostile demons
 12866 | D:8      | Noticed a smoke demon
 13125 | D:9      | XOM: harmless Conj miscast
 13150 | D:9      | Killed a moth of wrath
 13349 | D:9      | Found a staircase to the Orcish Mines.
 13606 | D:9      | XOM: severe Fire miscast
 13698 | D:9      | Killed Prince Ribbit
 13822 | D:10     | Entered Level 10 of the Dungeon
 13958 | D:10     | XOM: 1-stop teleportation journey
 13959 | D:10     | Noticed a death yak
 13968 | D:10     | XOM: blink monster(s)
 13971 | D:10     | Noticed a purple ugly thing
 14082 | D:10     | Noticed Joseph
 14084 | D:10     | Killed a red ugly thing
 14084 | D:10     | Reached skill level 5 in Transmutations
 14084 | D:10     | Reached XP level 11. HP: 76/76 MP: 13/15
 14255 | D:11     | XOM: harmless Tloc miscast
 14257 | D:11     | Noticed a death yak
 14289 | D:11     | XOM: polymorph gnoll sergeant -> centaur
 14294 | D:11     | XOM: harmless Chrm miscast
 14298 | D:11     | Noticed an orb spider
 14298 | D:11     | a rime drake changed into an orb spider
 14306 | D:11     | an orb spider changed into a salamander
 14316 | D:11     | XOM: blink monster(s)
 14318 | D:11     | XOM: polymorph yak -> blink frog
 14323 | D:11     | Noticed a glowing shapeshifter
 14323 | D:11     | a blink frog changed into a glowing shapeshifter
 14323 | D:11     | a glowing shapeshifter changed into a swamp worm
 14324 | D:11     | Noticed a glowing shapeshifter
 14324 | D:11     | a swamp worm changed into a glowing shapeshifter
 14324 | D:11     | Noticed a death drake
 14324 | D:11     | a glowing shapeshifter changed into a death drake
 14336 | D:11     | a death drake changed into a black bear
 14351 | D:11     | XOM: enchant monster (bad)
 14735 | D:11     | Noticed a cyan ugly thing
 14740 | D:11     | Noticed a white ugly thing
 14757 | D:11     | Killed a white ugly thing
 14762 | D:11     | Killed a white ugly thing
 14921 | D:10     | Found a staircase to the Lair.
 14921 | D:10     | Noticed a death yak
 14921 | D:10     | Noticed a death yak
 14921 | D:10     | Noticed a death yak
 14923 | D:10     | Noticed a death yak
 14930 | Lair:1   | Entered Level 1 of the Lair of Beasts
 14935 | Lair:1   | XOM: 8-stop teleportation journey
 15177 | Lair:1   | XOM: god gift: 49 gold pieces {god gift}
 15514 | Lair:1   | XOM: potion effect (magic)
 15585 | Lair:1   | XOM: snakes to sticks
 15611 | Lair:1   | XOM: harmless Conj miscast
 15641 | Lair:1   | XOM: noise
 15670 | Lair:1   | XOM: harmless Tloc miscast
 15676 | Lair:1   | XOM: confuse monster(s)
 15682 | Lair:1   | XOM: enchant monster (bad)
 15711 | Lair:1   | XOM: enchant monster (good)
 15718 | Lair:1   | XOM: fake destruction
 15730 | Lair:1   | XOM: cast spell 'Summon Ice Beast'
 15955 | Lair:1   | XOM: noise
 16188 | Lair:1   | Reached skill level 5 in Earth Magic
 16199 | Lair:1   | XOM: god gift: 20 stones {god gift}
 16265 | Lair:1   | XOM: 1-stop teleportation journey
 16524 | Lair:1   | Reached skill level 10 in Short Blades
 16905 | Lair:2   | Found a frozen archway.
 16911 | IceCv    | Entered an ice cave
 17025 | IceCv    | XOM: 7-stop teleportation journey
 17081 | IceCv    | Learned a level 3 spell: Stone Arrow
 17266 | IceCv    | XOM: 9-stop teleportation journey
 17269 | IceCv    | Noticed a reaper
 17271 | IceCv    | Killed a reaper
 17271 | IceCv    | Reached skill level 5 in Fighting
 17449 | Lair:2   | XOM: 1-stop teleportation journey
 17474 | Lair:2   | Noticed a four-headed hydra
 17497 | Lair:2   | Killed a four-headed hydra
 17497 | Lair:2   | Reached skill level 6 in Fighting
 17554 | Lair:2   | XOM is BORED!
 17554 | Lair:2   | XOM: summons 5 hostile demons
 17584 | Lair:2   | XOM: summons 11 friendly demons
 17685 | Lair:2   | Found a staircase to the Snake Pit.
 17715 | Lair:2   | Reached XP level 12. HP: 89/89 MP: 8/16
 17736 | Lair:2   | Reached skill level 7 in Fighting
 17752 | Lair:2   | XOM: smoke on damage
 17960 | Lair:2   | Reached skill level 8 in Fighting
 17981 | Lair:2   | XOM: polymorph yak -> spriggan
 18051 | Lair:2   | XOM: 5-stop teleportation journey
 18182 | Lair:2   | XOM: scenery: create altars
 18351 | Lair:2   | XOM: god gift: glittering brass ring {god gift}
 18352 | Lair:2   | Got a glittering brass ring {god gift}
 18353 | Lair:2   | Identified the ring "Toasa" {god gift, -Tele rPois MR+ Str+4 Dex+2} (Xom gifted it to you on level 2 of the Lair of Beasts)
 18424 | Lair:2   | XOM: god gift: short silver wand {god gift}
 18518 | Lair:2   | XOM: scenery: 1 doors open
 18549 | Lair:2   | Reached skill level 9 in Fighting
 18597 | Lair:2   | Reached skill level 1 in Spellcasting
 18706 | Lair:2   | XOM: harmless Fire miscast
 18998 | Lair:2   | XOM: mild Air miscast
 19039 | Lair:2   | XOM: mild Tmut miscast
 19424 | Lair:3   | XOM: cast spell 'Dispersal'
 19767 | Lair:3   | Noticed a seven-headed hydra
 19816 | Lair:3   | Reached skill level 10 in Fighting
 19959 | Lair:3   | XOM: fake destruction
 20104 | Lair:3   | XOM: fog
 20371 | Lair:2   | XOM: scenery: create altars
 20676 | Lair:3   | Reached skill level 11 in Fighting
 20845 | Lair:2   | Upgraded the game from 0.22-a0-352-gc608dd7 to 0.22-a0-353-g2d6336e
 20945 | Lair:3   | XOM: god gift: 22 gold pieces {god gift}
 21133 | Lair:3   | XOM: mild Tmut miscast
 21201 | Lair:3   | XOM: noise
 21413 | Lair:3   | Noticed a seven-headed hydra
 21424 | Lair:3   | XOM: confuse monster(s)
 21437 | Lair:3   | Killed a seven-headed hydra
 21501 | Lair:3   | Reached skill level 12 in Fighting
 21514 | Lair:3   | XOM: harmless Tmut miscast
 21515 | Lair:3   | XOM: confuse monster(s)
 21522 | Lair:3   | Killed a seven-headed hydra
 21522 | Lair:3   | Reached skill level 1 in Dodging
 21593 | Lair:3   | XOM: scenery: create altars
 21690 | Lair:4   | XOM: divination: magic mapping
 21747 | Lair:4   | Found a staircase to the Swamp.
 21775 | Lair:4   | XOM: cloud trail
 22059 | Lair:4   | Got a bronze leather armour
 22070 | Lair:4   | Identified the cursed +1 leather armour of the Raven {rElec rPois Int-5 SInv} (You found it on level 4 of the Lair of Beasts)
 22311 | Lair:4   | XOM: cleaving
 22315 | Lair:4   | XOM: summons 2 friendly demons
 22399 | Lair:3   | XOM: god gift: 23 bolts {god gift}
 22592 | Lair:4   | Gained mutation: You are in touch with the powers of death. [Mummy growth]
 22592 | Lair:4   | Reached XP level 13. HP: 108/108 MP: 16/19
 22657 | Lair:4   | XOM: scenery: create altars
 22981 | Lair:5   | XOM: divination: detect creatures
 23243 | Lair:5   | Reached skill level 10 in Stealth
 23313 | Lair:5   | XOM: scenery: create altars
 23414 | Lair:5   | XOM: fog
 23493 | Lair:5   | XOM: 2-stop teleportation journey
 23946 | Lair:5   | XOM: stat loss: -1 Str (11/12)
 24104 | Lair:6   | Entered Level 6 of the Lair of Beasts
 24166 | Lair:6   | XOM: fog
 24188 | Lair:6   | XOM: polymorph polar bear -> komodo dragon
 24197 | Lair:6   | Reached skill level 5 in Dodging
 24566 | Lair:6   | Found a staircase to the Slime Pits.
 24752 | Lair:6   | XOM: enchant monster (good)
 24762 | Lair:6   | XOM: 1-stop teleportation journey
 25049 | Lair:6   | XOM: summons 6 hostile demons
 25513 | Lair:6   | XOM: summons 6 hostile demons
 25645 | Lair:6   | XOM: summons 3 hostile shadow creatures
 25682 | Lair:5   | XOM: summons 6 hostile demons
 25800 | Lair:6   | XOM: 1-stop teleportation journey
 25909 | Lair:6   | XOM: summons 1 hostile shadow creature
 26008 | Lair:6   | XOM: confusion (+ monsters)
 26044 | Lair:6   | XOM: summons 6 hostile demons
 26100 | Lair:6   | XOM: harmless Necr miscast
 26106 | Lair:6   | XOM: mild Erth miscast
 26126 | Lair:6   | XOM: confuse monster(s)
 26131 | Lair:6   | XOM: enchant monster (bad)
 26237 | Lair:5   | XOM: medium Pois miscast
 26762 | Lair:6   | XOM: enchant monster (bad)
 26795 | Lair:6   | XOM: stat loss: -1 Dex (14/16)
 26800 | Lair:6   | Reached skill level 1 in Shields
 27138 | Lair:6   | XOM: severe Summ miscast
 27144 | Lair:6   | Noticed an ironheart preserver
 27144 | Lair:6   | Noticed an ironheart preserver
 27144 | Lair:6   | XOM: cast spell 'Ring of Flames'
 27163 | Lair:6   | Noticed an ironheart preserver
 27180 | Lair:6   | Noticed an ironheart preserver
 27242 | Lair:5   | XOM: mild Tloc miscast
 27833 | Lair:6   | XOM: divination: magic mapping
 28223 | Lair:6   | Reached skill level 13 in Fighting
 28246 | Lair:6   | XOM: polymorph spiny frog -> human
 28429 | Lair:6   | XOM: summons 6 friendly demons
 28643 | Lair:6   | XOM: mild Air miscast
 28733 | Lair:6   | XOM: god gift: lumpy red potion {god gift}
 28942 | Lair:6   | Reached XP level 14. HP: 118/118 MP: 16/20
 29291 | Lair:6   | XOM: noise
 29498 | D:10     | XOM: summons friendly quasit
 29587 | Lair:1   | XOM: medium Conj miscast
 29687 | D:10     | Reached skill level 14 in Fighting
 30159 | D:10     | XOM: cast spell 'Olgreb's Toxic Radiance'
 30192 | D:10     | Killed Joseph
 30213 | D:10     | Found a glowing silver altar of Zin.
 30219 | D:10     | XOM: silly message
 30404 | D:10     | XOM is BORED!
 30404 | D:10     | XOM: silly message
 30651 | D:11     | XOM: harmless Erth miscast
 30671 | D:11     | XOM: harmless Air miscast
 30707 | D:11     | XOM: divination: detect items
 30857 | D:11     | XOM: divination: detect items
 30873 | D:11     | XOM: harmless Hex miscast
 30877 | D:11     | Noticed Gastronok
 30896 | D:11     | XOM: mild Summ miscast
 31348 | D:12     | Noticed Nib's ghost (journeyman OpAs)
 31378 | D:12     | XOM: confuse monster(s)
 31549 | D:12     | Noticed Rupert
 31666 | D:11     | XOM is BORED!
 31666 | D:11     | XOM: summons 1 hostile shadow creature
 31694 | D:10     | XOM: harmless Air miscast
 31950 | D:10     | XOM: god gift: 21 stones {god gift}
 32003 | Orc:1    | Entered Level 1 of the Orcish Mines
 32114 | Orc:1    | XOM: confuse monster(s)
 32118 | Orc:1    | XOM: enchant monster (good)
 32124 | Orc:1    | Noticed an orc warlord
 32132 | Orc:1    | XOM: summons 3 friendly demons
 32137 | Orc:1    | XOM: enchant monster (good)
 32143 | Orc:1    | XOM: cast spell 'Ring of Flames'
 32146 | Orc:1    | XOM: cast spell 'Leda's Liquefaction'
 32151 | Orc:1    | Killed an orc warlord
 32313 | Orc:1    | XOM: god gift: 13 gold pieces {god gift}
 32324 | Orc:1    | XOM: summons 4 hostile demons
 32383 | Orc:1    | XOM: 1-stop teleportation journey
 32550 | Orc:1    | Found a roughly hewn altar of Beogh.
 32655 | Orc:2    | Entered Level 2 of the Orcish Mines
 32655 | Orc:2    | Noticed Sonja
 32665 | Orc:2    | Killed Sonja
 32702 | Orc:1    | XOM: enchant monster (bad)
 32741 | Orc:1    | XOM: enchant monster (good)
 32766 | Orc:1    | XOM: cleaving
 32861 | Orc:1    | XOM: 2-stop teleportation journey
 32912 | Orc:2    | XOM: enchant monster (bad)
 33055 | Orc:2    | Found a burning altar of Makhleb.
 33072 | Orc:2    | Found a staircase to the Elven Halls.
 33115 | Orc:1    | XOM: summons 3 hostile shadow creatures
 33618 | Orc:2    | XOM: 2-stop teleportation journey
 33646 | Orc:1    | XOM: confusion (+ monsters)
 33767 | Orc:1    | XOM: enchant monster (bad)
 33770 | Orc:1    | XOM: destruction
 33777 | Orc:1    | XOM: scenery: create altars
 33809 | Orc:1    | XOM: enchant monster (good)
 34466 | Orc:2    | XOM: summons 5 hostile demons
 34579 | Orc:2    | Found Hacejaf's General Store.
 34582 | Orc:2    | Found Qiown's Jewellery Emporium.
 34680 | Orc:1    | XOM: harmless Tmut miscast
 34734 | Orc:2    | XOM: mild Necr miscast
 34764 | Orc:2    | Paralysed by an orc sorcerer for 5 turns
 34820 | Orc:1    | Learned a level 1 spell: Apportation
 34823 | Orc:1    | Learned a level 2 spell: Blink
 34824 | Orc:2    | XOM: god gift: halberd {god gift}
 34962 | Orc:2    | XOM: potion effect (might)
 34973 | Orc:2    | XOM: noise
 34981 | Orc:2    | Reached skill level 1 in Translocations
 35001 | Orc:2    | XOM: swap monsters
 35019 | Orc:2    | XOM: summons friendly quasit
 35023 | Orc:2    | Mangled by a sun demon
